 Dungeon Crawl Stone Soup version 0.30-a0-702-gdf48620a09 (webtiles) character file.

Game seed: 17225816799625053233

18 flotson the Sneak (level 2, -3/24 HPs)
             Began as a Demonspawn Delver on Jan 22, 2023.
             Killed by divine providence
             ... invoked by an orc priest
              (15 damage)
             ... on level 3 of the Dungeon.
             The game lasted 00:01:13 (210 turns).

flotson the Sneak (Demonspawn Delver)                Turns: 210, Time: 00:01:14

Health: -3/24      AC:  3    Str: 12    XL:     2   Next: 48%
Magic:  2/2        EV: 12    Int: 11    God:
Gold:   8          SH:  0    Dex: 14    Spells: 1/1 levels left

rFire   . . .      SeeInvis .    a - +0 hand axe
rCold   . . .      Faith    .    (no shield)
rNeg    . . .      Spirit   .    b - +0 leather armour
rPois   .          Reflect  .    (helmet restricted)
rElec   .          Harm     .    (no cloak)
rCorr   .          Rampage  .    (no gloves)
Will    .....                    (no boots)
Stlth   +++                      (no amulet)
HPRegen 0.24/turn                (no ring)
MPRegen 0.08/turn                (no ring)

@: no status effects
A: antennae 1
a: no special abilities


You were on level 3 of the Dungeon.
You visited 1 branch of the dungeon, and saw 3 of its levels.

You collected 8 gold pieces.

Inventory:

Hand Weapons
 a - a +0 hand axe (weapon)
Armour
 b - a +0 leather armour (worn)
Wands
 g - a wand of digging (3)
Scrolls
 c - a scroll of fog


   Skills:
 + Level 3.1 Fighting
 - Level 2.0 Axes
 + Level 0.5 Armour
 + Level 2.0 Dodging
 + Level 4.6 Stealth
 + Level 0.6 Evocations


You had one spell level left.
You didn't know any spells.
Your spell library was empty.

Dungeon Overview and Level Annotations

Branches:
Dungeon (5/15)             Temple (0/1) D:4

Altars:

Annotations:
D:4 Grinder


Innate Abilities, Weirdness & Mutations

You have a pair of small antennae on your head.


Message History

The orc priest shouts!
The frilled lizard hisses angrily.
You are too confused!
You are too confused!
You are too confused!
You are too confused!
You are too confused!
You are too confused!
You are too confused!
You are too confused!
You are too confused!
An orc comes into view. It is wielding a +0 club.
You closely miss the frilled lizard.
You feel less confused. The frilled lizard bites you.
The frilled lizard attacks as you move away!
The frilled lizard closely misses you. The orc attacks as you move away!
The orc hits you with a +0 club.
There is an escape hatch in the ceiling here.
The frilled lizard attacks as you move away!
The frilled lizard barely misses you.
The orc wizard casts a spell.
The orc wizard flickers and vanishes!
Deactivating autopickup; reactivate with Ctrl-A.
You can't go up here!
You hit the orc.
The orc is severely wounded.
You hit the frilled lizard.
The orc priest begins to cast a cantrip, but forgets the words!
The orc hits you with a +0 club. The frilled lizard barely misses you.
The orc hits you with a +0 club. The frilled lizard closely misses you.
You hit the orc.
You kill the orc!
You hit the frilled lizard.
You kill the frilled lizard!
You hit something. Something hits you.
You barely miss the orc priest. You closely miss something.
The orc priest calls down the wrath of Beogh upon you.
Beogh smites you!
Ouch! That really hurt!
You die...

###########
#..........#
.........@..#
#.......o{..#
#...........######
#..........##...#####
#...................+
#.............#.#####
###.............#....#
#...............####.#
#....................#


You could see an orc priest.

Vanquished Creatures
  An adder (D:3)
  2 orcs (D:3)
  A ball python (D:3)
  A bat (D:3)
  An endoplasm (D:3)
  A frilled lizard (D:3)
7 creatures vanquished.

Notes
Turn   | Place    | Note
-------+----------+-------------------------------------------
     0 | D:5      | flotson the Demonspawn Delver began the quest for the Orb.
     0 | D:5      | Reached XP level 1. HP: 18/18 MP: 1/1
     1 | D:5      | Noticed an ice beast
     9 | D:4      | Noticed Grinder
    46 | D:3      | Gained mutation: You have a pair of small antennae on your
                  | head. [demonic ancestry]
    46 | D:3      | Reached XP level 2. HP: 6/24 MP: 2/2
   210 | D:3      | Killed from afar by an orc priest

Illustrated notes

Levels and vault maps discovered:
D:3:      layout_basic
D:4:      layout_gridville, temple_doors_e, uniq_pikel, uniq_natasha,
          uniq_grinder
D:5:      layout_basic, gammafunk_ghost_necromancy, uniq_blork_the_orc

Skill      XL: |  1  2 |
---------------+-------+-----
Axes           | 2 |  2.0
Dodging        | 2 |  2.0
Fighting       | |  3.1
Armour         | |  0.5
Stealth        | |  4.6
Evocations     | |  0.6

Action                   || total
-------------------------++-------
Melee: Hand axe          ||    26
  Use: Scroll            ||     2
       Potion            ||     1
 Stab: Sleeping          ||     2
Armor: Leather armour    ||     4
Dodge: Dodged            ||    19

Table legend: (Time is in decaauts)
 A = Elapsed time spent in this place.
 B = Non-inter-level travel time spent in this place.
 C = Inter-level travel time spent in this place.
 D = Time resting spent in this place.
 E = Time spent auto-exploring this place.
 F = Levels seen in this place.
 G = Mean time per level.
                   A        B        C        D        E       F      G
               +--------+--------+--------+--------+--------+-----+--------+
         Total |    195 |    195 |      0 |      0 |     99 |   3 |   65.0 |
       Dungeon |    195 |    195 |      0 |      0 |     99 |   3 |   65.0 |
               +--------+--------+--------+--------+--------+-----+--------+

Top non-repeatable levels by time:
     D:3: 173 daAuts
     D:4: 12 daAuts
     D:5: 9 daAuts
